 Dungeon Crawl Stone Soup version 0.32-a0-131-g9dbbe29261 (webtiles) character file.

Game seed: 7971928789080441661

39 Dittersdorf the Trooper (level 3, -1/24 HPs)
             Began as a Gargoyle Fighter on Feb 8, 2024.
             Killed by nerve-wracking pain
             ... invoked by Jessica
              (5 damage)
             ... on level 2 of the Dungeon.
             The game lasted 00:01:23 (1079 turns).

Dittersdorf the Trooper (Gargoyle Fighter)          Turns: 1079, Time: 00:01:24

Health: -1/24      AC: 10    Str: 21    XL:     3   Next: 47%
Magic:  3/3        EV:  9    Int:  8    God:
Gold:   54         SH:  4    Dex:  9    Spells: 2/2 levels left

rFire   . . .        a - +0 flail
rCold   . . .        c - +0 buckler
rNeg    + . .        b - +0 scale mail
rPois   ∞            (no helmet)
rElec   +            (no cloak)
rCorr   .            (no gloves)
SInv    .            (no boots)
Will    .....        (no amulet) Stlth
                     (no ring)
HPRegen 0.24/turn    (no ring)
MPRegen 0.08/turn

%: no passive effects
@: no status effects
A: sickness immunity, AC +3, negative energy resistance 1, electricity
resistance, torment resistance 1, petrification resistance
a: no special abilities


You were on level 2 of the Dungeon.
You visited 1 branch of the dungeon, and saw 2 of its levels.

You collected 54 gold pieces.

Inventory:

Hand Weapons
 a - a +0 flail (weapon)
Armour
 b - a +0 scale mail (worn)
 c - a +0 buckler (worn)
Scrolls
 g - a scroll of immolation {unknown}
 h - a scroll of summoning {unknown}
 i - a scroll of noise {unknown}
 j - a scroll of identify {unknown}
Potions
 d - a potion of might
 e - a potion of resistance {unknown}
 f - a potion of cancellation {unknown}
 k - 2 potions of curing {unknown}


   Skills:
 + Level 3.7 Fighting
 + Level 2.5 Maces & Flails
 + Level 3.7 Armour
 + Level 3.7 Shields


You had 2 spell levels left.
You didn't know any spells.
Your spell library contained the following spells:

 Spells                   Type           Power      Damage    Failure   Level
 Lesser Beckoning         Tloc           0%         N/A       91%         2
 Gell's Gravitas          Tloc           0%         N/A       99%         3
 Ozocubu's Armour         Ice            0%         N/A       99%         3
 Teleport Other           Tloc           0%         N/A       99%         3
 Metabolic Englaciation   Hex/Ice        0%         N/A       100%        5
 Sculpt Simulacrum        Ice/Alch       0%         N/A       100%        6


Dungeon Overview and Level Annotations

Branches:
Dungeon (2/15)

Altars:

Shops:
D:1 *::*!

Annotations:
D:2 Jessica


Innate Abilities, Weirdness & Mutations

You are immune to sickness and miasma.
Your stone body is resilient. (AC +3)
You are immune to poison.
You resist negative energy. (rN+)
You are resistant to electric shocks. (rElec)
You are resistant to unholy torment.
You are immune to petrification.


Message History

The quokka is severely wounded.
The quokka closely misses you.
Jessica gestures wildly while chanting.
Jessica blinks!
The quokka barely misses you.
You closely miss the quokka.
The quokka is severely wounded.
The quokka bites you.
* * * LOW HITPOINT WARNING * * *
You closely miss the quokka.
The quokka is severely wounded.
The quokka closely misses you. You block the quokka's attack.
You closely miss the quokka.
The quokka is heavily wounded.
The quokka bites you but does no damage.
You sock the quokka!
You kill the quokka!
Jessica gestures wildly.
Jessica mumbles some strange words.
Jessica blinks!
The ribbon worm expels a string of sticky webbing.
The stream of webbing hits you but does no damage.
You are caught in a web!
The web tears apart.
The ribbon worm closely misses you.
You barely miss the ribbon worm.
The ribbon worm bites you but does no damage.
You barely miss the ribbon worm. You block the ribbon worm's attack.
You hit the ribbon worm.
The ribbon worm is lightly wounded.
The ribbon worm bites you.
* * * LOW HITPOINT WARNING * * *
Jessica gestures wildly while chanting.
Jessica blinks!
You hit the ribbon worm.
The ribbon worm is moderately wounded.
The ribbon worm barely misses you.
Jessica mumbles something strange.
Jessica casts a spell at you. Pain shoots through your body!
You die...

..##....# ..........
..##....# ........
..##....# .......
..##....# ..... ..##....#
#........
..##....###...##@.
..##......#...##.#
..##......#...##.#
#.##......#...##@#
#.##......#...##w#
#.##......#...#.§##
#..+..............##
..##......#...[....#######
........>.+..#####.......#
#....###....##...##...##.#
#....<......#.....#...#
#...........#.....'..##


You could see a ribbon worm and Jessica (fast).

Vanquished Creatures
  A ribbon worm (D:2)
  A dart slug (D:2)
  3 ball pythons
  2 endoplasms (D:1)
  A giant cockroach (D:1)
  5 goblins
  3 hobgoblins
  2 quokkas (D:2)
  3 bats
  3 frilled lizards
  4 kobolds
  4 rats
32 creatures vanquished.

Notes
Turn   | Place    | Note
-------+----------+-------------------------------------------
     0 | D:1      | Dittersdorf the Gargoyle Fighter began the quest for the
                  | Orb.
     0 | D:1      | Reached XP level 1. HP: 14/14 MP: 1/1
   148 | D:1      | Found Tohuseuppu's Assorted Antiques.
   308 | D:1      | Reached XP level 2. HP: 19/19 MP: 2/2
   392 | D:1      | Found Xexzeem's Book Shoppe.
   418 | D:1      | Found Dier's Distillery.
   431 | D:1      | Found Xalicash's Book Shop.
   442 | D:1      | Found Noubriar's General Store.
   703 | D:2      | Reached XP level 3. HP: 23/23 MP: 3/3
  1047 | D:2      | Noticed Jessica
  1079 | D:2      | Killed from afar by Jessica

Illustrated notes

Levels and vault maps discovered:
D:1:      scummos_arrival_simple_crosswalls, layout_loops_ring, serial_shops,
          shop, nicolae_lakefront_shop, shop, nicolae_square_shop,
          nicolae_lakefront_shop
D:2:      layout_basic, kennysheep_jessica_study

Action                     || total
---------------------------++-------
  Melee: Flail             ||   110
 Armour: Scale mail        ||    75
  Dodge: Dodged            ||    67
  Block: Buckler           ||    23

Table legend: (Time is in decaauts)
 A = Elapsed time spent in this place.
 B = Non-inter-level travel time spent in this place.
 C = Inter-level travel time spent in this place.
 D = Time resting spent in this place.
 E = Time spent auto-exploring this place.
 F = Levels seen in this place.
 G = Mean time per level.
                   A        B        C        D        E       F      G
               +--------+--------+--------+--------+--------+-----+--------+
         Total |   1112 |   1065 |     47 |      0 |    787 |   2 |  556.0 |
       Dungeon |   1112 |   1065 |     47 |      0 |    787 |   2 |  556.0 |
               +--------+--------+--------+--------+--------+-----+--------+

Top non-repeatable levels by time:
     D:1: 686 daAuts
     D:2: 426 daAuts
